 Dungeon Crawl Stone Soup version 0.21.1-1-g345015fe64 (webtiles) character file.

1323 Oravi the Slicer (level 8, -3/52 HPs)
             Began as a Halfling Fighter on Mar 28, 2018.
             Was an Initiate of Okawaru.
             Slain by Edmund
             ... wielding a +0 dire flail of holy wrath
              (8 damage)
             ... on level 5 of the Dungeon.
             The game lasted 00:22:14 (5106 turns).

Oravi the Slicer (Halfling Fighter)                 Turns: 5106, Time: 00:22:15

Health: -3/52      AC: 13    Str: 17    XL:     8   Next: 90%
Magic:  8/8        EV: 10    Int:  6    God:    Okawaru [......]
Gold:   190        SH: 10    Dex: 16    Spells: 7/7 levels left

rFire    . . .     SeeInvis .   a - +0 rapier
rCold    . . .     Gourm    .   c - +0 shield
rNeg     . . .     Faith    .   b - +0 scale mail
rPois    .         Spirit   .   (no helmet)
rElec    .         Reflect  .   p - +1 cloak
rCorr    .         Harm     .   d - +0 pair of gloves (curse)
MR       .....                  j - +2 pair of boots of the Assassin {Detection Stab+ Stlth++}
Stlth    ++........             (no amulet)
HPRegen  0.17/turn              o - +1 ring of evasion
MPRegen  0.11/turn              (no ring)

@: no status effects
A: small, mutation resistance 1
a: Renounce Religion


You were on level 5 of the Dungeon.
You worshipped Okawaru.
Okawaru was noncommittal.
You were not hungry.

You visited 2 branches of the dungeon, and saw 7 of its levels.

You collected 190 gold pieces.

Inventory:

Hand Weapons
 a - a +0 rapier (weapon)
 y - a +0 hunting sling
Missiles
 i - 135 stones (quivered)
 t - 17 sling bullets
Armour
 b - a +0 scale mail (worn)
 c - a +0 shield (worn)
 d - a cursed +0 pair of gloves (worn)
 j - the +2 pair of boots of the Assassin (worn) {Detection Stab+ Stlth++}
   (You found it on level 4 of the Dungeon)

   It makes you much more stealthy.
 p - a +1 cloak (worn)
Jewellery
 o - a +1 ring of evasion (left hand)
 w - an uncursed ring of fire {unknown}
Wands
 v - a wand of iceblast (10)
Scrolls
 h - 4 scrolls of teleportation
 l - 7 scrolls of identify
 s - a scroll of blinking
 x - a scroll of enchant armour {unknown}
Potions
 e - a potion of brilliance
 k - 4 potions of cancellation
 m - 2 potions of haste {unknown}
 n - 3 potions of curing {unknown}
 q - a potion of flight {unknown}
 r - 2 potions of lignification {unknown}
 u - 2 potions of heal wounds {unknown}
 z - a potion of invisibility {unknown}
Comestibles
 f - 12 rations
 A - 2 chunks of flesh


   Skills:
 + Level 3.2 Fighting
 + Level 11.7 Short Blades
 + Level 3.5 Armour
 + Level 0.2 Dodging
 + Level 3.5 Shields


You had 7 spell levels left.
You didn't know any spells.

Dungeon Overview and Level Annotations

Branches:
Dungeon (6/15)             Temple (1/1) D:5

Altars:
Ashenzari
Cheibriados
Dithmenos
Elyvilon
Fedhas
Gozag
Hepliaklqana
Kikubaaqudgha
Makhleb
Nemelex Xobeh
Okawaru
Sif Muna
Trog
Uskayaw
Vehumet
Wu Jian
Yredelemnul
The Shining One

Annotations:
D:3 humperndinck's ghost, amateur DsGl
D:5 Edmund


Innate Abilities, Weirdness & Mutations

You are small and have problems with some larger weapons.
You are somewhat resistant to further mutation.


Message History

Edmund closely misses you. Edmund barely misses you.
There is a stone staircase leading up here.
Edmund closely misses you. The worker ant closely misses you.
You climb upwards.
There is a stone staircase leading down here.
Okay, then.
Edmund hits you with a dire flail of holy wrath.
* * * LOW HITPOINT WARNING * * *
It was a potion of magic.
Magic courses through your body. The worker ant barely misses you.
Edmund hits you but does no damage.
Edmund rages.
You block the worker ant's attack.
Edmund hits you with a dire flail of holy wrath.
* * * LOW HITPOINT WARNING * * *
The worker ant waves its antennae.
The worker ant closely misses you.
It was a potion of cancellation.
You feel magically purged.
Edmund hits you with a dire flail of holy wrath!
You die...

####.####.#.#..##...###...#.#....
..........#.#..##...##......#.##.
####.######.........#.......#.##.
# #.# ###.........#####.#.##.
####.# #.###..##.# #.#.### #....#
#.# #.....# #....## #.#### #.#
#[..#.# #....## #>#
#.###...#.#####.##.## #.#
#...@@.....<......... #.#
#####a>.............. #.#
##############..##########.#. #.#
#...............#### #.#. #.#
#.##############...# #####.#. #.#
#.# #.⌠.# #.....#) #.# #.#
####...###.#####. ..# #.#
#..........# ##. #.# #.#
#.⌠..>..⌠.## #..


You could see Edmund (berserk) and a worker ant.

Vanquished Creatures
  A sky beast (D:4)
  A black bear (D:6)
  A centaur (D:5)
  3 ogres
  4 vampire bats (D:4)
  2 howler monkeys
  3 crimson imps (D:5)
  A centaur zombie (D:5)
  An orc priest (D:5)
  2 hounds
  An iguana (D:3)
  2 orc wizards
  Terence (D:3)
  A worker ant zombie (D:5)
  7 adders
  7 gnolls (D:4)
  An adder skeleton (D:4)
  5 worms
  2 dart slugs (D:1)
  3 leopard geckos
  6 orcs
  16 bats
  4 giant cockroaches
  8 hobgoblins
  10 jackals
  A quokka (D:5)
  2 ball pythons
  A frilled lizard (D:2)
  6 goblins
  8 kobolds
  A leopard gecko zombie (D:5)
  8 rats
120 creatures vanquished.

Notes
Turn   | Place    | Note
-------+----------+-------------------------------------------
     0 | D:1      | Oravi the Halfling Fighter began the quest for the Orb.
     0 | D:1      | Reached XP level 1. HP: 15/15 MP: 1/1
    72 | D:1      | Reached XP level 2. HP: 12/21 MP: 2/2
   166 | D:1      | Reached skill level 3 in Short Blades
   261 | D:1      | Reached XP level 3. HP: 21/26 MP: 3/3
   608 | D:1      | Reached skill level 4 in Short Blades
   758 | D:2      | Reached skill level 5 in Short Blades
   758 | D:2      | Reached XP level 4. HP: 29/31 MP: 4/4
   989 | D:2      | Reached XP level 5. HP: 17/36 MP: 5/5
  1200 | D:2      | Found an ornate altar of the Wu Jian Council.
  1504 | D:3      | Found a deep blue altar of Sif Muna.
  1504 | D:3      | Found a bloodstained altar of Trog.
  1504 | D:3      | Found a burning altar of Makhleb.
  1504 | D:3      | Found a shattered altar of Ashenzari.
  1513 | D:3      | Noticed humperndinck's ghost (amateur DsGl)
  1760 | D:3      | Noticed Terence
  1773 | D:3      | Killed Terence
  1773 | D:3      | Reached skill level 6 in Short Blades
  2337 | D:3      | Reached XP level 6. HP: 42/42 MP: 6/6
  2555 | D:3      | Reached skill level 7 in Short Blades
  3068 | D:4      | Noticed a sky beast
  3092 | D:4      | Killed a sky beast
  3097 | D:4      | Reached skill level 8 in Short Blades
  3247 | D:4      | Reached XP level 7. HP: 43/46 MP: 7/7
  3279 | D:4      | Found the +2 pair of boots of the Assassin {Detection Stab+ Stlth++}
  3617 | D:4      | Found a snail-covered altar of Cheibriados.
  3784 | D:4      | Found a burning altar of Makhleb.
  3842 | D:4      | Reached skill level 9 in Short Blades
  3994 | D:4      | Reached skill level 10 in Short Blades
  3994 | D:4      | Reached XP level 8. HP: 39/52 MP: 8/8
  4293 | D:5      | Entered Level 5 of the Dungeon
  4558 | D:5      | Reached skill level 11 in Short Blades
  4581 | D:5      | Found a staircase to the Ecumenical Temple.
  4588 | Temple   | Entered the Ecumenical Temple
  4595 | Temple   | Became a worshipper of Warmaster Okawaru
  5081 | D:6      | Noticed Edmund
  5106 | D:5      | Slain by Edmund

Skill      XL: |  1  2  3  4  5  6  7  8 |
---------------+-------------------------+-----
Fighting       | 3 |  3.2
Short Blades   | 3 5 6 8 10 11 | 11.7
Armour         | |  3.5
Dodging        | |  0.2
Shields        | |  3.5

Action                   |  1- 3 |  4- 6 |  7- 9 || total
-------------------------+-------+-------+-------++-------
Melee: Rapier            |   105 |   223 |   228 ||   556
  Use: Scroll            |       |     5 |     3 ||     8
       Potion            |       |     1 |     3 ||     4
 Stab: Sleeping          |       |       |     4 ||     4
  Eat: Chunk             |       |     5 |     3 ||     8
       Ration            |       |     1 |     1 ||     2
Armor: Scale mail        |    48 |    78 |    96 ||   222
Dodge: Dodged            |    35 |    92 |   102 ||   229
Block: Shield            |    56 |    34 |    95 ||   185
       Buckler           |       |    44 |     6 ||    50
